 Dungeon Crawl Stone Soup version 0.28.0-47-ge53b351184 (webtiles) character file.

Game seed: 4409165121922025801

3652 Bamboolord the Zephyrmancer (level 10, -12/50 HPs)
             Began as a Tengu Air Elementalist on May 5, 2022.
             Was a Follower of Vehumet.
             Killed from afar by an efreet (38 damage)
             ... with a fireball
             ... on level 8 of the Dungeon.
             The game lasted 00:28:28 (11168 turns).

Bamboolord the Zephyrmancer (TeAE)                 Turns: 11168, Time: 00:28:28

Health: -12/50     AC:  5    Str:  9    XL:     10   Next: 12%
Magic:  4/22       EV: 17    Int: 20    God:    Vehumet [*.....]
Gold:   379        SH:  0    Dex: 14    Spells: 14/24 levels left

rFire   . . .      SeeInvis .   (no weapon)
rCold   . . .      Faith    .   (no shield)
rNeg    . . .      Spirit   .   j - +0 animal skin
rPois   +          Reflect  .   (helmet restricted)
rElec   .          Harm     .   i - +1 cloak
rCorr   .          Rampage  .   c - +0 pair of gloves
Will    .....                   (boots unavailable)
Stlth   ++........              (no amulet)
HPRegen 0.16/turn               r - ring of poison resistance
MPRegen 0.18/turn               (no ring)

@: flying quickly and evasively, studying Armour, quick
A: beak, talons 3, nimble flight
a: Renounce Religion


You were on level 8 of the Dungeon.
You worshipped Vehumet.
Vehumet was aware of your devotion.
You visited 2 branches of the dungeon, and saw 9 of its levels.
You also visited: Bailey.

You collected 379 gold pieces.

Inventory:

Missiles
 B - a throwing net
Armour
 c - a +0 pair of gloves (worn)
 h - an orb of wrath
 i - a +1 cloak (worn)
 j - a +0 animal skin (worn)
 y - the +1 leather armour "Meysmium" {rC+ Str+2 Int+4}
   (You found it on level 7 of the Dungeon)

   Str:       It affects your strength (+2).
   Int:       It affects your intelligence (+4).
   rC:        It protects you from cold.
Jewellery
 r - a ring of poison resistance (left hand)
Wands
 d - a wand of mindburst (18)
 f - a wand of polymorph (6)
 C - a wand of flame (19)
Scrolls
 a - a scroll of immolation
 e - 4 scrolls of fear
 g - 4 scrolls of blinking
 l - a scroll of vulnerability {unknown}
 p - 3 scrolls of magic mapping
 t - a scroll of acquirement {unknown}
 u - a scroll of brand weapon
 v - a scroll of torment {unknown}
 z - 2 scrolls of identify
Potions
 b - 3 potions of curing
 k - a potion of heal wounds {unknown}
 m - a potion of ambrosia {unknown}
 n - a potion of mutation {unknown}
 o - a potion of attraction {unknown}
 q - a potion of invisibility {unknown}
 s - 2 potions of haste {unknown}
 w - 4 potions of might {unknown}
 x - 2 potions of flight {unknown}
 A - a potion of magic {unknown}


   Skills:
 * Level 4.3 Armour
 * Level 5.6 Dodging
 + Level 3.1 Stealth
 * Level 7.5 Spellcasting
 * Level 9.1 Conjurations
 * Level 10.3 Air Magic


You had 14 spell levels left.
You knew the following spells:

 Your Spells              Type           Power      Damage    Failure   Level
a - Shock                 Conj/Air       100%       1d9       1%          1
b - Static Discharge      Conj/Air       46%        N/A       1%          2
c - Airstrike             Air            24%        N/A       1%          4
d - Swiftness             Air            49%        N/A       1%          3

Your spell library contained the following spells:

 Spells                   Type           Power      Damage    Failure   Level
 Sandblast                Erth           14%        2d6       9%          1


Dungeon Overview and Level Annotations

Branches:
Dungeon (8/15)             Temple (1/1) D:7          Bailey (visited)
   Lair: D:8-11

Altars:
Ashenzari
Dithmenos
Elyvilon
Gozag
Hepliaklqana
Kikubaaqudgha
Makhleb
Nemelex Xobeh
Okawaru
Qazlal
Sif Muna
Trog
Uskayaw
Vehumet
Xom
Yredelemnul
Zin
The Shining One

Shops:
D:2 (

Annotations:
D:6 2 transporters, Allula97's ghost, novice DsGl


Innate Abilities, Weirdness & Mutations

You have a beak for a mouth.
You have claws for feet.
Your magical nature lets you fly swiftly and evasively.


Message History

Unknown command.
Casting: Airstrike (dangerous; 1% risk of failure)
Confirm with . or Enter, or press ? or * to list all spells.
Aiming: Airstrike (dangerous; 1% risk of failure)
Press: ? - help, Dir - move target, f/p - sky beast
Aim: a sky beast (almost dead, empty space bonus: 5/8)
The air twists around and strikes the sky beast!
You kill the sky beast!
Vehumet accepts your kill.
You feel your power returning.
An efreet is nearby!
An efreet is nearby!
An efreet is nearby!
Casting: Airstrike (dangerous; 1% risk of failure)
Confirm with . or Enter, or press ? or * to list all spells.
Aiming: Airstrike (dangerous; 1% risk of failure)
Press: ? - help, Dir - move target, f - efreet
Aim: an efreet, wielding a +2 scimitar of flaming (wandering, hasn't noticed you, empty space bonus: 3/8)
The air twists around and strikes the efreet.
The efreet is lightly wounded.
Casting: Airstrike (dangerous; 1% risk of failure)
Confirm with . or Enter, or press ? or * to list all spells.
Aiming: Airstrike (dangerous; 1% risk of failure)
Press: ? - help, Dir - move target, f/p - efreet
Aim: an efreet, wielding a +2 scimitar of flaming (lightly wounded, empty space bonus: 7/8)
The air twists around and strikes the efreet!
The efreet is heavily wounded.
The efreet gestures at you.
The fireball explodes!
The fireball engulfs you!!
Casting: Airstrike (dangerous; 1% risk of failure)
Confirm with . or Enter, or press ? or * to list all spells.
Aiming: Airstrike (dangerous; 1% risk of failure)
Press: ? - help, Dir - move target, f/p - efreet
Aim: an efreet, wielding a +2 scimitar of flaming (heavily wounded, empty space bonus: 7/8)
The air twists around and strikes the efreet!
The efreet is severely wounded.
The efreet gestures at you.
The fireball explodes!
The fireball engulfs you!!!
Ouch! That really hurt!
You die...

*,****,*,* *,,,,*,,,***######
****,*,***,,.....# ,,,,,*,*
*,,,....#### ******,*
#,,**#.....########## ,,,,,,,*
#.,* #...#>##.......# **,,****
#..###....<..(#####.# ,,,,*
#.......##.#### #.# #****
#...(R.@##.# #.# ## ####○#.....#
#.# .# ***,####### #.# .#
########,.....# ##.##
.###........#^##.##########.(.##
......#**#..#...............#..#
.....<####....##.......####....#
........##..#.#........#####.#.#
......#.##.............##>.....#


You could see an efreet.

Vanquished Creatures
  Harold (D:7)
  A water moccasin (D:6)
  An ice beast (D:6)
  An orc warrior (D:5)
  A sky beast (D:8)
  A black bear (D:6)
  2 necrophages
  6 ogres
  A centaur (D:6)
  A phantom (D:5)
  3 scorpions
  2 bullfrogs
  A wyvern zombie (D:5)
  6 killer bees (D:7)
  9 wights
  2 centaur zombies
  A bullfrog zombie (D:5)
  5 hounds
  2 jellies
  An orc priest (D:5)
  3 centaur skeletons
  An iguana (D:4)
  3 orc wizards
  A killer bee zombie (D:6)
  A howler monkey zombie (D:8)
  Robin (D:2)
  8 adders
  2 white imps
  An adder skeleton (D:5)
  A dart slug (D:1)
  4 worms
  9 orcs
  8 endoplasms
  A giant cockroach (D:4)
  4 hobgoblins (D:2)
  8 jackals
  6 quokkas
  4 ball pythons
  6 bats
  3 frilled lizards (D:1)
  12 goblins
  9 kobolds
  5 rats
149 creatures vanquished.

Notes
Turn   | Place    | Note
-------+----------+-------------------------------------------
     0 | D:1      | Bamboolord the Tengu Air Elementalist began the quest for
                  | the Orb.
     0 | D:1      | Reached XP level 1. HP: 10/10 MP: 4/4
   300 | D:1      | Reached XP level 2. HP: 15/15 MP: 1/6
  1178 | D:1      | Reached XP level 3. HP: 19/19 MP: 3/7
  1181 | D:1      | Learned a level 2 spell: Static Discharge
  1797 | D:2      | Reached skill level 5 in Air Magic
  2095 | D:2      | Reached XP level 4. HP: 24/24 MP: 3/8
  2178 | D:2      | Noticed Robin
  2189 | D:2      | Killed Robin
  2817 | D:2      | Found Yschixo's Antique Weapon Boutique.
  3218 | D:2      | Learned a level 4 spell: Airstrike
  3270 | D:3      | Gained mutation: Your magical nature lets you fly swiftly
                  | and evasively. [Tengu growth]
  3270 | D:3      | Reached XP level 5. HP: 28/28 MP: 6/10
  3502 | D:3      | Found a faded altar of an unknown god.
  4434 | D:4      | Reached skill level 6 in Air Magic
  4434 | D:4      | Reached XP level 6. HP: 32/32 MP: 6/11
  5173 | D:5      | Entered Level 5 of the Dungeon
  5367 | D:5      | Reached XP level 7. HP: 27/36 MP: 4/13
  5733 | D:5      | Reached skill level 5 in Conjurations
  5733 | D:5      | Reached skill level 7 in Air Magic
  6222 | D:5      | Reached XP level 8. HP: 23/41 MP: 6/15
  6498 | D:5      | You are sucked into a shaft and drop 3 floors!
  6500 | D:8      | Noticed an efreet
  6592 | D:7      | Found a staircase to the Ecumenical Temple.
  6601 | Temple   | Entered the Ecumenical Temple
  6801 | Temple   | Became a worshipper of Vehumet
  6912 | D:7      | Found a flagged portal.
  6922 | Bailey   | Entered a bailey
  7228 | D:6      | Found a transporter.
  7228 | D:6      | Noticed Allula97's ghost (novice DsGl)
  7231 | D:6      | Found a transporter.
  7275 | D:6      | Reached skill level 5 in Spellcasting
  7439 | D:6      | Reached skill level 8 in Air Magic
  7807 | D:6      | Noticed a troll
  8097 | D:5      | Learned a level 3 spell: Swiftness
  8162 | D:5      | Found a shimmering blue altar of Sif Muna.
  8577 | D:6      | Reached XP level 9. HP: 45/45 MP: 15/18
  8732 | D:6      | Reached skill level 1 in Armour
  9087 | D:6      | Reached skill level 9 in Air Magic
  9598 | D:7      | Reached skill level 5 in Dodging
 10022 | D:7      | Identified the +1 leather armour "Meysmium" {rC+ Str+2
                  | Int+4}
 10486 | D:7      | Noticed Harold
 10632 | D:7      | Killed Harold
 10633 | D:7      | Reached skill level 10 in Air Magic
 10633 | D:7      | Reached XP level 10. HP: 50/50 MP: 4/21
 10924 | D:8      | Reached * piety under Vehumet
 10924 | D:8      | Offered knowledge of Sandblast by Vehumet.
 11168 | D:8      | Killed from afar by an efreet

Illustrated notes

Levels and vault maps discovered:
D:1:      mrwooster_arrival_statue, layout_basic, grunt_decor_fettered,
          minmay_strange_pillars, serial_bayou_pond_d
D:2:      layout_loops_ring, serial_shops, nicolae_shop_window_shopping,
          uniq_robin
D:3:      layout_loops_ring, chequers_ecumenical_altar_simple
D:4:      layout_cave_pods
D:5:      layout_cave_pods, mainiacjoe_overflow_24_doors,
          guppyfry_early_orc_mine
D:6:      layout_gridville, gammafunk_ghost_arena, minmay_manual_mandibuliform
D:7:      layout_basic, minmay_temple_entry_junction_2, enter_bailey_2,
          minmay_misc_feat_nine_boxes, grunt_ministairs_12, minivault_10,
          uniq_harold
D:8:      layout_loops_cross, roderic_lattice_a, minmay_mini_ossuary
Temple:   mainiacjoe_temple_starburst

Skill      XL: |  1  2  3  4  5  6  7  8  9 |
---------------+----------------------------+-----
Conjurations   | 2 3 4 5 7 9 |  9.1
Air Magic      | 5 6 7 8 10 | 10.3
Spellcasting   | 3 4 5 7 |  7.5
Dodging        | 3 4 5 |  5.6
Armour         | 4 |  4.3
Stealth        | 3 |  3.1

Action                   |  1- 3 |  4- 6 |  7- 9 | 10-12 || total
-------------------------+-------+-------+-------+-------++-------
Melee: Unarmed           |     6 |     7 |       |       ||    13
       Peck              |     1 |     1 |       |       ||     2
       Kick              |     1 |     4 |       |       ||     5
 Cast: Shock             |    57 |    99 |   153 |    14 ||   323
       Static Discharge  |     6 |    18 |    45 |     4 ||    73
       Airstrike         |       |       |    10 |    10 ||    20
  Use: Scroll            |       |     8 |     3 |       ||    11
Armor: Robe              |     3 |     1 |       |       ||     4
       Animal skin       |       |    10 |    17 |       ||    27
Dodge: Dodged            |    23 |    27 |    63 |       ||   113
